Connexion

ARIZONA Coyotes vs DETROIT Red Wings

Created - 1 février 2024 at 06:18

Goals
1 2 3 T
ARIZONA Coyotes 1 0 0 1
DETROIT Red Wings 2 0 2 4
Shots
1 2 3 T
ARIZONA Coyotes 9 8 7 24
DETROIT Red Wings 14 7 19 40

GoalsPenalties
1st period
1. ARIZONA Coyotes , Klim Kostin 10 (Carl Hagelin 11) at 2:22
2. DETROIT Red Wings , Jake Bean 5 (Jamie Benn 25, Morgan Rielly 41) at 17:35 (PP)
3. DETROIT Red Wings , Jamie Benn 23 (Nathan Mackinnon 29, Chris Kreider 10) at 19:57 (PP)
Madison Bowey (ARI) for High sticking (Minor) at 5:51
Chris Kreider (DET) for Interference (Minor) at 13:47
Madison Bowey (ARI) for Holding (Minor) at 16:35
Madison Bowey (ARI) for Cross-checking (Minor) at 19:27
2nd period
No Goal
Gabriel Landeskog (DET) for Cross-checking (Minor) at 2:54
3rd period
4. DETROIT Red Wings , Erik Karlsson 12 (Nathan Mackinnon 30, Jamie Benn 26) at 0:12
5. DETROIT Red Wings , Gabriel Landeskog 11 (Zach Whitecloud 13, Valeri Nichushkin 13) at 17:53
Sean Durzi (ARI) for High sticking (Minor) at 3:38
Tanner Jeannot (DET) for Fighting (Major) at 18:34
Vince Dunn (ARI) for Fighting (Major) at 18:34
Madison Bowey (ARI) for Interference (Minor) at 19:18
Goalie Stats
Jaroslav Halak (ARI), 36 saves from 40 shots - (0,900), L, 7-8-2, 60:00 minutes
Elvis Merzlikins (DET), 23 saves from 24 shots - (0,958), W, 24-29-2, 60:00 minutes
3 StarsOfficial
1 - Jamie Benn (DET)
2 - Erik Karlsson (DET)
3 - Nathan Mackinnon (DET)
Referees : Dean Morton and Brad Watson
Linesman : Darren Gibbs and Derek Amell
Game Note
Chris Kreider is injured at 0:02 of 2nd period (Concussion)
Tanner Jeannot and Vince Dunn fight to a draw at 18:34 of 3rd period
Finance
Level 1 -- Attendance: 5928 (98,80%) -- Ticket Income $681,720
Level 2 -- Attendance: 5027 (71,14%) -- Ticket Income $377,025
Level 3 -- Attendance: 2000 (100,00%) -- Ticket Income $110,000
Level 4 -- Attendance: 3858 (96,45%) -- Ticket Income $123,456
Luxury Box -- Attendance: 963 (96,30%) -- Ticket Income $218,601
Game was played at the Joe Louis Arena.
Total Attendance: 17776 (88,59%)
Total Ticket Income: $1,510,802
Other Income: $302,160
Total Income: $1,812,962



Team Name Goals Shots Shots Attemp Shots Blocked PIM HIT PP PK FO%
ARIZONA Coyotes 124361815160 / 2 (0%)254%
DETROIT Red Wings 4408049252 / 5 (40%)046%

ARIZONA Coyotes
Player Name POS G A P +/- PIM HIT SHT SB MP PP MP PP SHT PK MP PK SHT FO% FOT
Braden SchneiderD0001010113:460:0000:2200% 0
Brayden PointC/RW000-1002021:051:4201:54062% 26
Brock NelsonC0000001010:430:0000:00056% 9
Carl HagelinLW/RW011100105:590:0000:100100% 1
Dillon DubeC/LW/RW000100005:490:0000:00050% 2
Dougie HamiltonD000-1011422:161:2712:5000% 0
Justin AbdelkaderC/LW0000010010:430:0000:0000% 0
Klim KostinC101100205:490:0000:0000% 3
Madison BoweyD000-1811221:211:5700:5800% 0
Matt BoldyLW/RW000-1013018:082:1620:0000% 1
Matthew TkachukLW/RW000-1024023:161:4214:05067% 3
Nazem KadriC/LW/RW000-1033022:232:1614:15058% 33
Sean DurziD000-1210522:172:0102:1800% 0
Sonny MilanoLW/RW0000001010:590:1600:0000% 1
Timo MeierLW/RW000-1021021:232:0011:54033% 3
Tucker PoolmanD0001001218:301:2902:5300% 0
Victor OlofssonLW/RW000-1012117:341:4200:0000% 2
Vince DunnD000-1521321:441:0202:5700% 0
DETROIT Red Wings
Player Name POS G A P +/- PIM HIT SHT SB MP PP MP PP SHT PK MP PK SHT FO% FOT
Ben MeyersC/LW0001010013:091:0900:0000% 1
Chris KreiderLW/RW011020006:232:0800:0000% 0
Devon ToewsD0001024026:263:2132:2500% 0
Drake BathersonC/RW000-1061020:112:3600:51063% 24
Erik KarlssonD1011022126:263:2112:2500% 0
Gabriel LandeskogLW/RW1011223013:510:1600:1700% 1
Jake BeanD101-1011120:102:4811:3300% 0
Jamie BennC/LW1231027126:303:3323:07037% 35
Mark StoneRW000-1022018:462:0200:000100% 1
Mike AmadioC/LW/RW0001003013:190:0000:00057% 14
Mikko RantanenC/LW/RW000-1008019:542:3610:3400% 1
Morgan RiellyD011-1022120:102:4801:3300% 0
Nathan MackinnonC/RW0221003022:563:3303:0700% 0
Noah GregorC000000103:340:0000:00033% 6
Sami NikuD0001011013:240:0000:0000% 0
Tanner JeannotLW/RW000052003:330:0000:0000% 0
Valeri NichushkinLW/RW0111002013:530:3400:0000% 1
Zach WhitecloudD0111020013:240:0000:0000% 0



Play-by-Play

1st period


0:01 of 1st period - Brayden Point wins face-off versus Jamie Benn in neutral zone.
1:34 of 1st period - Shot by Matt Boldy.
1:34 of 1st period - Stopped by Elvis Merzlikins with a rebound.
1:52 of 1st period - Shot by Mikko Rantanen.
1:52 of 1st period - Stopped by Jaroslav Halak without a rebound.
1:53 of 1st period - Drake Batherson wins face-off versus Klim Kostin in ARIZONA Coyotes zone.
2:22 of 1st period - Shot by Klim Kostin.
2:22 of 1st period - Goal by Klim Kostin - ARIZONA Coyotes : 1 - DETROIT Red Wings : 0.
2:23 of 1st period - Brock Nelson wins face-off versus Mike Amadio in neutral zone.
2:47 of 1st period - Justin Abdelkader is hit by Zach Whitecloud and loses puck.
3:35 of 1st period - Shot by Timo Meier.
3:35 of 1st period - Shot Misses the Net.
3:46 of 1st period - Icing by Timo Meier.
3:47 of 1st period - Brayden Point wins face-off versus Noah Gregor in ARIZONA Coyotes zone.
3:49 of 1st period - Icing by Dougie Hamilton.
3:50 of 1st period - Noah Gregor wins face-off versus Brayden Point in ARIZONA Coyotes zone.
5:03 of 1st period - Shot by Mikko Rantanen.
5:03 of 1st period - Stopped by Jaroslav Halak without a rebound.
5:04 of 1st period - Mike Amadio wins face-off versus Klim Kostin in ARIZONA Coyotes zone.
5:22 of 1st period - Icing by Valeri Nichushkin.
5:23 of 1st period - Mike Amadio wins face-off versus Nazem Kadri in DETROIT Red Wings zone.
5:25 of 1st period - Valeri Nichushkin is hit by Nazem Kadri and loses puck.
5:51 of 1st period - Minor Penalty to Madison Bowey for High sticking.
5:52 of 1st period - Jamie Benn wins face-off versus Matthew Tkachuk in ARIZONA Coyotes zone.
6:11 of 1st period - Shot by Devon Toews.
6:11 of 1st period - Stopped by Jaroslav Halak without a rebound.
6:12 of 1st period - Nazem Kadri wins face-off versus Drake Batherson in ARIZONA Coyotes zone.
7:14 of 1st period - Shot by Erik Karlsson.
7:14 of 1st period - Deflect By Jamie Benn.
7:14 of 1st period - Shot Misses the Net.
7:16 of 1st period - Shot by Devon Toews.
7:16 of 1st period - Shot Misses the Net.
7:18 of 1st period - Shot by Jamie Benn.
7:18 of 1st period - Stopped by Jaroslav Halak without a rebound.
7:19 of 1st period - Jamie Benn wins face-off versus Nazem Kadri in ARIZONA Coyotes zone.
7:19 of 1st period - Jamie Benn is hit by Vince Dunn.
7:27 of 1st period - Shot by Erik Karlsson.
7:27 of 1st period - Shot Misses the Net.
7:29 of 1st period - Shot by Erik Karlsson.
7:29 of 1st period - Shot Blocked by Sean Durzi.
7:41 of 1st period - Shot by Nathan Mackinnon.
7:41 of 1st period - Shot Blocked by Vince Dunn.
7:43 of 1st period - Shot by Devon Toews.
7:43 of 1st period - Stopped by Jaroslav Halak without a rebound.
7:44 of 1st period - Brayden Point wins face-off versus Drake Batherson in ARIZONA Coyotes zone.
7:44 of 1st period - Brayden Point is hit by Mark Stone.
8:44 of 1st period - Brock Nelson is hit by Erik Karlsson and loses puck.
9:04 of 1st period - Tucker Poolman is hit by Erik Karlsson and loses puck.
9:37 of 1st period - Shot by Morgan Rielly.
9:37 of 1st period - Stopped by Jaroslav Halak without a rebound.
9:38 of 1st period - Nazem Kadri wins face-off versus Drake Batherson in ARIZONA Coyotes zone.
9:52 of 1st period - Mikko Rantanen is hit by Dougie Hamilton and loses puck.
9:55 of 1st period - Shot by Mikko Rantanen.
9:55 of 1st period - Shot Blocked by Sean Durzi.
9:59 of 1st period - Shot by Mikko Rantanen.
9:59 of 1st period - Shot Misses the Net.
10:01 of 1st period - Shot by Morgan Rielly.
10:01 of 1st period - Shot Misses the Net.
10:03 of 1st period - Shot by Drake Batherson.
10:03 of 1st period - Stopped by Jaroslav Halak without a rebound.
10:04 of 1st period - Brayden Point wins face-off versus Mike Amadio in ARIZONA Coyotes zone.
11:08 of 1st period - Shot by Victor Olofsson.
11:08 of 1st period - Shot Misses the Net.
12:03 of 1st period - Carl Hagelin is hit by Devon Toews and loses puck.
12:06 of 1st period - Shot by Carl Hagelin.
12:06 of 1st period - Stopped by Elvis Merzlikins without a rebound.
12:07 of 1st period - Drake Batherson wins face-off versus Brayden Point in DETROIT Red Wings zone.
13:47 of 1st period - Minor Penalty to Chris Kreider for Interference.
13:48 of 1st period - Timo Meier wins face-off versus Jamie Benn in DETROIT Red Wings zone.
14:17 of 1st period - Shot by Timo Meier.
14:17 of 1st period - Deflect By Nazem Kadri.
14:17 of 1st period - Stopped by Elvis Merzlikins without a rebound.
14:18 of 1st period - Brayden Point wins face-off versus Jamie Benn in DETROIT Red Wings zone.
14:39 of 1st period - Shot by Matthew Tkachuk.
14:39 of 1st period - Stopped by Elvis Merzlikins without a rebound.
14:40 of 1st period - Jamie Benn wins face-off versus Timo Meier in DETROIT Red Wings zone.
14:49 of 1st period - Shot by Dougie Hamilton.
14:49 of 1st period - Stopped by Elvis Merzlikins without a rebound.
14:50 of 1st period - Nazem Kadri wins face-off versus Jamie Benn in DETROIT Red Wings zone.
15:05 of 1st period - Drake Batherson is hit by Nazem Kadri and loses puck.
15:14 of 1st period - Shot by Matt Boldy.
15:14 of 1st period - Stopped by Elvis Merzlikins with a rebound.
15:16 of 1st period - Shot by Timo Meier.
15:16 of 1st period - Stopped by Elvis Merzlikins without a rebound.
15:17 of 1st period - Brayden Point wins face-off versus Jamie Benn in DETROIT Red Wings zone.
15:37 of 1st period - Jamie Benn is hit by Matthew Tkachuk and loses puck.
15:46 of 1st period - Victor Olofsson is hit by Jamie Benn and loses puck.
16:25 of 1st period - Off-side.
16:26 of 1st period - Drake Batherson wins face-off versus Nazem Kadri in neutral zone.
16:35 of 1st period - Shot by Mikko Rantanen.
16:35 of 1st period - Stopped by Jaroslav Halak without a rebound.
16:35 of 1st period - Minor Penalty to Madison Bowey for Holding.
16:36 of 1st period - Nazem Kadri wins face-off versus Drake Batherson in ARIZONA Coyotes zone.
16:55 of 1st period - Shot by Devon Toews.
16:55 of 1st period - Shot Blocked by Sean Durzi.
16:57 of 1st period - Shot by Devon Toews.
16:57 of 1st period - Shot Misses the Net.
16:59 of 1st period - Shot by Devon Toews.
16:59 of 1st period - Deflect By Mikko Rantanen.
16:59 of 1st period - Stopped by Jaroslav Halak without a rebound.
17:00 of 1st period - Nazem Kadri wins face-off versus Jamie Benn in ARIZONA Coyotes zone.
17:35 of 1st period - Shot by Jake Bean.
17:35 of 1st period - Goal by Jake Bean - ARIZONA Coyotes : 1 - DETROIT Red Wings : 1.
17:36 of 1st period - Drake Batherson wins face-off versus Brock Nelson in neutral zone.
17:46 of 1st period - Shot by Mark Stone.
17:46 of 1st period - Shot Blocked by Vince Dunn.
17:48 of 1st period - Shot by Mark Stone.
17:48 of 1st period - Stopped by Jaroslav Halak with a rebound.
17:50 of 1st period - Shot by Erik Karlsson.
17:50 of 1st period - Shot Misses the Net.
17:55 of 1st period - Drake Batherson is hit by Madison Bowey and loses puck.
17:58 of 1st period - Shot by Mikko Rantanen.
17:58 of 1st period - Stopped by Jaroslav Halak without a rebound.
17:59 of 1st period - Mike Amadio wins face-off versus Victor Olofsson in ARIZONA Coyotes zone.
17:59 of 1st period - Valeri Nichushkin is hit by Sean Durzi and loses puck.
18:10 of 1st period - Shot by Nazem Kadri.
18:10 of 1st period - Deflect By Victor Olofsson.
18:10 of 1st period - Stopped by Elvis Merzlikins without a rebound.
18:11 of 1st period - Brayden Point wins face-off versus Jamie Benn in DETROIT Red Wings zone.
18:24 of 1st period - Shot by Jamie Benn.
18:24 of 1st period - Shot Misses the Net.
18:48 of 1st period - Shot by Jamie Benn.
18:48 of 1st period - Stopped by Jaroslav Halak without a rebound.
18:49 of 1st period - Nazem Kadri wins face-off versus Drake Batherson in ARIZONA Coyotes zone.
19:27 of 1st period - Minor Penalty to Madison Bowey for Cross-checking.
19:28 of 1st period - Matthew Tkachuk wins face-off versus Jamie Benn in ARIZONA Coyotes zone.
19:57 of 1st period - Shot by Jamie Benn.
19:57 of 1st period - Goal by Jamie Benn - ARIZONA Coyotes : 1 - DETROIT Red Wings : 2.
19:58 of 1st period - Brock Nelson wins face-off versus Mike Amadio in neutral zone.
Goals for this period are 1 for ARIZONA Coyotes vs 2 for DETROIT Red Wings.
Shots for this period are 9 for ARIZONA Coyotes vs 14 for DETROIT Red Wings.

2nd period


0:01 of 2nd period - Jamie Benn wins face-off versus Timo Meier in neutral zone.
0:01 of 2nd period - Chris Kreider is hit by Matthew Tkachuk and loses puck.
0:02 of 2nd period - Chris Kreider from DETROIT Red Wings is injured at 0:02 of 2nd period (Concussion).
0:03 of 2nd period - Brayden Point wins face-off versus Jamie Benn in neutral zone.
0:36 of 2nd period - Shot by Brayden Point.
0:36 of 2nd period - Stopped by Elvis Merzlikins without a rebound.
0:37 of 2nd period - Drake Batherson wins face-off versus Nazem Kadri in DETROIT Red Wings zone.
0:55 of 2nd period - Icing by Dougie Hamilton.
0:56 of 2nd period - Nazem Kadri wins face-off versus Mike Amadio in ARIZONA Coyotes zone.
1:21 of 2nd period - Shot by Victor Olofsson.
1:21 of 2nd period - Stopped by Elvis Merzlikins without a rebound.
1:22 of 2nd period - Brayden Point wins face-off versus Jamie Benn in DETROIT Red Wings zone.
1:22 of 2nd period - Vince Dunn is hit by Morgan Rielly and loses puck.
1:44 of 2nd period - Vince Dunn is hit by Morgan Rielly and loses puck.
1:56 of 2nd period - Vince Dunn is hit by Jake Bean and loses puck.
2:14 of 2nd period - Icing by Vince Dunn.
2:15 of 2nd period - Brayden Point wins face-off versus Drake Batherson in ARIZONA Coyotes zone.
2:15 of 2nd period - Brayden Point is hit by Drake Batherson.
2:21 of 2nd period - Matthew Tkachuk is hit by Drake Batherson and loses puck.
2:28 of 2nd period - Madison Bowey is hit by Drake Batherson and loses puck.
2:40 of 2nd period - Icing by Madison Bowey.
2:41 of 2nd period - Brayden Point wins face-off versus Gabriel Landeskog in ARIZONA Coyotes zone.
2:41 of 2nd period - Brayden Point is hit by Gabriel Landeskog.
2:54 of 2nd period - Minor Penalty to Gabriel Landeskog for Cross-checking.
2:55 of 2nd period - Nazem Kadri wins face-off versus Jamie Benn in DETROIT Red Wings zone.
3:00 of 2nd period - Shot by Nazem Kadri.
3:00 of 2nd period - Deflect By Matt Boldy.
3:00 of 2nd period - Stopped by Elvis Merzlikins without a rebound.
3:01 of 2nd period - Jamie Benn wins face-off versus Nazem Kadri in DETROIT Red Wings zone.
3:07 of 2nd period - Icing by Matt Boldy.
3:08 of 2nd period - Nazem Kadri wins face-off versus Jamie Benn in ARIZONA Coyotes zone.
5:09 of 2nd period - Shot by Gabriel Landeskog.
5:09 of 2nd period - Shot Blocked by Tucker Poolman.
5:37 of 2nd period - Shot by Gabriel Landeskog.
5:37 of 2nd period - Stopped by Jaroslav Halak without a rebound.
5:38 of 2nd period - Drake Batherson wins face-off versus Brock Nelson in ARIZONA Coyotes zone.
6:35 of 2nd period - Shot by Nazem Kadri.
6:35 of 2nd period - Stopped by Elvis Merzlikins without a rebound.
6:36 of 2nd period - Nazem Kadri wins face-off versus Jamie Benn in DETROIT Red Wings zone.
7:04 of 2nd period - Off-side.
7:05 of 2nd period - Mike Amadio wins face-off versus Brayden Point in neutral zone.
7:10 of 2nd period - Brayden Point is hit by Gabriel Landeskog and loses puck.
7:23 of 2nd period - Shot by Gabriel Landeskog.
7:23 of 2nd period - Shot Misses the Net.
7:38 of 2nd period - Shot by Tucker Poolman.
7:38 of 2nd period - Stopped by Elvis Merzlikins without a rebound.
7:39 of 2nd period - Jamie Benn wins face-off versus Nazem Kadri in DETROIT Red Wings zone.
8:06 of 2nd period - Shot by Jamie Benn.
8:06 of 2nd period - Stopped by Jaroslav Halak without a rebound.
8:07 of 2nd period - Matthew Tkachuk wins face-off versus Drake Batherson in ARIZONA Coyotes zone.
8:07 of 2nd period - Matthew Tkachuk is hit by Mark Stone.
8:29 of 2nd period - Shot by Matthew Tkachuk.
8:29 of 2nd period - Shot Misses the Net.
8:31 of 2nd period - Shot by Madison Bowey.
8:31 of 2nd period - Stopped by Elvis Merzlikins without a rebound.
8:32 of 2nd period - Nazem Kadri wins face-off versus Jamie Benn in DETROIT Red Wings zone.
8:40 of 2nd period - Off-side.
8:41 of 2nd period - Nazem Kadri wins face-off versus Jamie Benn in neutral zone.
8:52 of 2nd period - Shot by Nathan Mackinnon.
8:52 of 2nd period - Stopped by Jaroslav Halak with a rebound.
8:54 of 2nd period - Shot by Devon Toews.
8:54 of 2nd period - Stopped by Jaroslav Halak without a rebound.
8:55 of 2nd period - Drake Batherson wins face-off versus Brayden Point in ARIZONA Coyotes zone.
9:08 of 2nd period - Shot by Timo Meier.
9:08 of 2nd period - Shot Blocked by Jake Bean.
9:10 of 2nd period - Shot by Timo Meier.
9:10 of 2nd period - Shot Blocked by Morgan Rielly.
9:12 of 2nd period - Shot by Matthew Tkachuk.
9:12 of 2nd period - Stopped by Elvis Merzlikins with a rebound.
9:52 of 2nd period - Jamie Benn is hit by Timo Meier and loses puck.
10:21 of 2nd period - Shot by Nazem Kadri.
10:21 of 2nd period - Shot Blocked by Jamie Benn.
12:10 of 2nd period - Off-side.
12:11 of 2nd period - Nazem Kadri wins face-off versus Noah Gregor in neutral zone.
12:46 of 2nd period - Shot by Nazem Kadri.
12:46 of 2nd period - Shot Misses the Net.
13:09 of 2nd period - Icing by Nazem Kadri.
13:10 of 2nd period - Drake Batherson wins face-off versus Nazem Kadri in ARIZONA Coyotes zone.
13:48 of 2nd period - Matthew Tkachuk is hit by Devon Toews and loses puck.
14:20 of 2nd period - Shot by Matthew Tkachuk.
14:20 of 2nd period - Shot Misses the Net.
14:22 of 2nd period - Shot by Matthew Tkachuk.
14:22 of 2nd period - Stopped by Elvis Merzlikins without a rebound.
14:23 of 2nd period - Mike Amadio wins face-off versus Dillon Dube in DETROIT Red Wings zone.
14:46 of 2nd period - Shot by Valeri Nichushkin.
14:46 of 2nd period - Stopped by Jaroslav Halak with a rebound.
15:13 of 2nd period - Tucker Poolman is hit by Sami Niku and loses puck.
15:21 of 2nd period - Icing by Zach Whitecloud.
15:22 of 2nd period - Brayden Point wins face-off versus Mike Amadio in DETROIT Red Wings zone.
15:39 of 2nd period - Brayden Point is hit by Ben Meyers and loses puck.
15:54 of 2nd period - Shot by Jamie Benn.
15:54 of 2nd period - Shot Misses the Net.
16:12 of 2nd period - Shot by Morgan Rielly.
16:12 of 2nd period - Stopped by Jaroslav Halak without a rebound.
16:13 of 2nd period - Drake Batherson wins face-off versus Nazem Kadri in ARIZONA Coyotes zone.
16:29 of 2nd period - Icing by Vince Dunn.
16:30 of 2nd period - Nazem Kadri wins face-off versus Noah Gregor in ARIZONA Coyotes zone.
16:30 of 2nd period - Nazem Kadri is hit by Tanner Jeannot.
16:38 of 2nd period - Shot by Jamie Benn.
16:38 of 2nd period - Shot Blocked by Madison Bowey.
16:40 of 2nd period - Shot by Devon Toews.
16:40 of 2nd period - Shot Blocked by Madison Bowey.
17:32 of 2nd period - Shot by Mikko Rantanen.
17:32 of 2nd period - Stopped by Jaroslav Halak with a rebound.
19:53 of 2nd period - Icing by Victor Olofsson.
19:54 of 2nd period - Nazem Kadri wins face-off versus Drake Batherson in ARIZONA Coyotes zone.
19:54 of 2nd period - Nazem Kadri is hit by Drake Batherson.
19:57 of 2nd period - Icing by Madison Bowey.
19:58 of 2nd period - Drake Batherson wins face-off versus Nazem Kadri in ARIZONA Coyotes zone.
Goals for this period are 0 for ARIZONA Coyotes vs 0 for DETROIT Red Wings.
Shots for this period are 8 for ARIZONA Coyotes vs 7 for DETROIT Red Wings.

3rd period


0:01 of 3rd period - Jamie Benn wins face-off versus Brayden Point in neutral zone.
0:04 of 3rd period - Shot by Nathan Mackinnon.
0:04 of 3rd period - Shot Blocked by Dougie Hamilton.
0:06 of 3rd period - Shot by Erik Karlsson.
0:06 of 3rd period - Shot Misses the Net.
0:08 of 3rd period - Shot by Jamie Benn.
0:08 of 3rd period - Deflect By Nathan Mackinnon.
0:08 of 3rd period - Shot Misses the Net.
0:10 of 3rd period - Shot by Erik Karlsson.
0:10 of 3rd period - Shot Blocked by Sean Durzi.
0:12 of 3rd period - Shot by Erik Karlsson.
0:12 of 3rd period - Goal by Erik Karlsson - ARIZONA Coyotes : 1 - DETROIT Red Wings : 3.
0:13 of 3rd period - Mark Stone wins face-off versus Nazem Kadri in neutral zone.
0:18 of 3rd period - Shot by Drake Batherson.
0:18 of 3rd period - Shot Misses the Net.
0:20 of 3rd period - Shot by Morgan Rielly.
0:20 of 3rd period - Shot Blocked by Vince Dunn.
0:26 of 3rd period - Shot by Mikko Rantanen.
0:26 of 3rd period - Stopped by Jaroslav Halak without a rebound.
0:27 of 3rd period - Brayden Point wins face-off versus Ben Meyers in ARIZONA Coyotes zone.
1:32 of 3rd period - Icing by Jamie Benn.
1:33 of 3rd period - Jamie Benn wins face-off versus Brock Nelson in DETROIT Red Wings zone.
1:33 of 3rd period - Jamie Benn is hit by Justin Abdelkader.
1:41 of 3rd period - Brock Nelson is hit by Jamie Benn and loses puck.
1:45 of 3rd period - Icing by Braden Schneider.
1:46 of 3rd period - Brock Nelson wins face-off versus Mikko Rantanen in ARIZONA Coyotes zone.
1:46 of 3rd period - Brock Nelson is hit by Drake Batherson.
3:38 of 3rd period - Minor Penalty to Sean Durzi for High sticking.
3:39 of 3rd period - Nazem Kadri wins face-off versus Jamie Benn in ARIZONA Coyotes zone.
3:44 of 3rd period - Shot by Erik Karlsson.
3:44 of 3rd period - Stopped by Jaroslav Halak with a rebound.
4:00 of 3rd period - Shot by Devon Toews.
4:00 of 3rd period - Stopped by Jaroslav Halak without a rebound.
4:01 of 3rd period - Nazem Kadri wins face-off versus Jamie Benn in ARIZONA Coyotes zone.
4:07 of 3rd period - Icing by Nathan Mackinnon.
4:08 of 3rd period - Nazem Kadri wins face-off versus Jamie Benn in DETROIT Red Wings zone.
4:15 of 3rd period - Shot by Matthew Tkachuk.
4:15 of 3rd period - Shot Blocked by Erik Karlsson.
4:39 of 3rd period - Shot by Nathan Mackinnon.
4:39 of 3rd period - Shot Misses the Net.
4:41 of 3rd period - Shot by Nathan Mackinnon.
4:41 of 3rd period - Shot Misses the Net.
4:54 of 3rd period - Icing by Valeri Nichushkin.
4:55 of 3rd period - Brayden Point wins face-off versus Valeri Nichushkin in DETROIT Red Wings zone.
5:12 of 3rd period - Madison Bowey is hit by Drake Batherson and loses puck.
6:02 of 3rd period - Icing by Sean Durzi.
6:03 of 3rd period - Brock Nelson wins face-off versus Jamie Benn in ARIZONA Coyotes zone.
6:03 of 3rd period - Brock Nelson is hit by Tanner Jeannot.
6:13 of 3rd period - Shot by Brock Nelson.
6:13 of 3rd period - Deflect By Sonny Milano.
6:13 of 3rd period - Shot Misses the Net.
6:15 of 3rd period - Shot by Sonny Milano.
6:15 of 3rd period - Stopped by Elvis Merzlikins with a rebound.
6:17 of 3rd period - Shot by Brock Nelson.
6:17 of 3rd period - Stopped by Elvis Merzlikins without a rebound.
6:18 of 3rd period - Carl Hagelin wins face-off versus Jamie Benn in DETROIT Red Wings zone.
6:18 of 3rd period - Vince Dunn is hit by Zach Whitecloud and loses puck.
8:17 of 3rd period - Icing by Tucker Poolman.
8:18 of 3rd period - Mike Amadio wins face-off versus Victor Olofsson in ARIZONA Coyotes zone.
8:28 of 3rd period - Shot by Mike Amadio.
8:28 of 3rd period - Shot Blocked by Tucker Poolman.
8:30 of 3rd period - Shot by Valeri Nichushkin.
8:30 of 3rd period - Shot Blocked by Victor Olofsson.
8:32 of 3rd period - Shot by Valeri Nichushkin.
8:32 of 3rd period - Stopped by Jaroslav Halak with a rebound.
8:40 of 3rd period - Shot by Jake Bean.
8:40 of 3rd period - Shot Blocked by Braden Schneider.
8:42 of 3rd period - Shot by Gabriel Landeskog.
8:42 of 3rd period - Stopped by Jaroslav Halak without a rebound.
8:43 of 3rd period - Jamie Benn wins face-off versus Brayden Point in ARIZONA Coyotes zone.
8:58 of 3rd period - Shot by Nathan Mackinnon.
8:58 of 3rd period - Shot Blocked by Sean Durzi.
9:00 of 3rd period - Shot by Ben Meyers.
9:00 of 3rd period - Shot Blocked by Dougie Hamilton.
9:04 of 3rd period - Shot by Jamie Benn.
9:04 of 3rd period - Shot Misses the Net.
9:06 of 3rd period - Shot by Nathan Mackinnon.
9:06 of 3rd period - Stopped by Jaroslav Halak with a rebound.
9:08 of 3rd period - Shot by Zach Whitecloud.
9:08 of 3rd period - Shot Misses the Net.
9:14 of 3rd period - Shot by Jamie Benn.
9:14 of 3rd period - Shot Misses the Net.
9:16 of 3rd period - Shot by Zach Whitecloud.
9:16 of 3rd period - Shot Blocked by Dougie Hamilton.
9:20 of 3rd period - Shot by Jamie Benn.
9:20 of 3rd period - Stopped by Jaroslav Halak with a rebound.
9:22 of 3rd period - Shot by Sami Niku.
9:22 of 3rd period - Stopped by Jaroslav Halak without a rebound.
9:23 of 3rd period - Drake Batherson wins face-off versus Klim Kostin in ARIZONA Coyotes zone.
9:58 of 3rd period - Shot by Klim Kostin.
9:58 of 3rd period - Stopped by Elvis Merzlikins without a rebound.
9:59 of 3rd period - Mike Amadio wins face-off versus Sonny Milano in DETROIT Red Wings zone.
10:12 of 3rd period - Shot by Mike Amadio.
10:12 of 3rd period - Stopped by Jaroslav Halak with a rebound.
10:26 of 3rd period - Shot by Mike Amadio.
10:26 of 3rd period - Stopped by Jaroslav Halak without a rebound.
10:27 of 3rd period - Brayden Point wins face-off versus Jamie Benn in ARIZONA Coyotes zone.
10:34 of 3rd period - Shot by Jamie Benn.
10:34 of 3rd period - Stopped by Jaroslav Halak without a rebound.
10:35 of 3rd period - Jamie Benn wins face-off versus Brayden Point in ARIZONA Coyotes zone.
10:42 of 3rd period - Shot by Nathan Mackinnon.
10:42 of 3rd period - Stopped by Jaroslav Halak without a rebound.
10:43 of 3rd period - Brayden Point wins face-off versus Jamie Benn in ARIZONA Coyotes zone.
11:18 of 3rd period - Shot by Jamie Benn.
11:18 of 3rd period - Stopped by Jaroslav Halak without a rebound.
11:19 of 3rd period - Drake Batherson wins face-off versus Nazem Kadri in ARIZONA Coyotes zone.
11:52 of 3rd period - Mark Stone is hit by Nazem Kadri and loses puck.
12:16 of 3rd period - Shot by Jamie Benn.
12:16 of 3rd period - Deflect By Nathan Mackinnon.
12:16 of 3rd period - Shot Misses the Net.
12:18 of 3rd period - Shot by Nathan Mackinnon.
12:18 of 3rd period - Shot Misses the Net.
13:25 of 3rd period - Mike Amadio is hit by Timo Meier and loses puck.
13:40 of 3rd period - Shot by Gabriel Landeskog.
13:40 of 3rd period - Shot Misses the Net.
14:00 of 3rd period - Shot by Mark Stone.
14:00 of 3rd period - Stopped by Jaroslav Halak without a rebound.
14:01 of 3rd period - Brock Nelson wins face-off versus Noah Gregor in ARIZONA Coyotes zone.
14:38 of 3rd period - Shot by Noah Gregor.
14:38 of 3rd period - Stopped by Jaroslav Halak without a rebound.
14:39 of 3rd period - Dillon Dube wins face-off versus Drake Batherson in ARIZONA Coyotes zone.
15:02 of 3rd period - Shot by Klim Kostin.
15:02 of 3rd period - Shot Misses the Net.
15:10 of 3rd period - Shot by Vince Dunn.
15:10 of 3rd period - Stopped by Elvis Merzlikins without a rebound.
15:11 of 3rd period - Mike Amadio wins face-off versus Nazem Kadri in DETROIT Red Wings zone.
15:11 of 3rd period - Mike Amadio is hit by Matt Boldy.
15:32 of 3rd period - Mike Amadio is hit by Braden Schneider and loses puck.
15:41 of 3rd period - Shot by Mike Amadio.
15:41 of 3rd period - Stopped by Jaroslav Halak without a rebound.
15:42 of 3rd period - Jamie Benn wins face-off versus Brayden Point in ARIZONA Coyotes zone.
15:46 of 3rd period - Icing by Brayden Point.
15:47 of 3rd period - Jamie Benn wins face-off versus Brayden Point in ARIZONA Coyotes zone.
15:56 of 3rd period - Shot by Erik Karlsson.
15:56 of 3rd period - Shot Blocked by Dougie Hamilton.
16:52 of 3rd period - Shot by Matt Boldy.
16:52 of 3rd period - Deflect By Nazem Kadri.
16:52 of 3rd period - Shot Misses the Net.
17:08 of 3rd period - Shot by Nazem Kadri.
17:08 of 3rd period - Stopped by Elvis Merzlikins without a rebound.
17:09 of 3rd period - Drake Batherson wins face-off versus Brock Nelson in DETROIT Red Wings zone.
17:26 of 3rd period - Shot by Mikko Rantanen.
17:26 of 3rd period - Stopped by Jaroslav Halak without a rebound.
17:27 of 3rd period - Nazem Kadri wins face-off versus Mike Amadio in ARIZONA Coyotes zone.
17:46 of 3rd period - Valeri Nichushkin is hit by Vince Dunn and loses puck.
17:53 of 3rd period - Shot by Gabriel Landeskog.
17:53 of 3rd period - Goal by Gabriel Landeskog - ARIZONA Coyotes : 1 - DETROIT Red Wings : 4.
17:54 of 3rd period - Drake Batherson wins face-off versus Brayden Point in neutral zone.
18:25 of 3rd period - Shot by Matthew Tkachuk.
18:25 of 3rd period - Stopped by Elvis Merzlikins with a rebound.
18:27 of 3rd period - Shot by Brayden Point.
18:27 of 3rd period - Stopped by Elvis Merzlikins without a rebound.
18:28 of 3rd period - Noah Gregor wins face-off versus Nazem Kadri in DETROIT Red Wings zone.
18:34 of 3rd period - Tanner Jeannot and Vince Dunn fight to a draw.
18:34 of 3rd period - Penalty to Tanner Jeannot for Fighting.
18:34 of 3rd period - Penalty to Vince Dunn for Fighting.
18:35 of 3rd period - Jamie Benn wins face-off versus Matt Boldy in DETROIT Red Wings zone.
18:35 of 3rd period - Jamie Benn is hit by Victor Olofsson.
19:17 of 3rd period - Shot by Ben Meyers.
19:17 of 3rd period - Shot Misses the Net.
19:18 of 3rd period - Minor Penalty to Madison Bowey for Interference.
19:19 of 3rd period - Drake Batherson wins face-off versus Nazem Kadri in ARIZONA Coyotes zone.
Goals for this period are 0 for ARIZONA Coyotes vs 2 for DETROIT Red Wings.
Shots for this period are 7 for ARIZONA Coyotes vs 19 for DETROIT Red Wings.